Baba Jaga, lawful female dwarven Valkyrie }}}}}}}}}}}}}}}}}}}}}}}}}}}}}}}}}}}}}}}}}}}}}}}}}}}}}}}}}}}}}}}}}}}}}}}}}}}}}}} }}}}}}}}}}}}}}}}}}}}}}...............................}}..}}}}}.}}}}}}}}}}}}}}}} }}}}}}}}}}}}}}}}}}}}}}...}}}}.....}}}}}.}}}}}.......}}}}.}......}}}}}}}}}}}}..} }}}}}}}}}}}}}}}}}}}}}...}}}}}...}}}}}}}#}}}}}}}.....}}}.......................} }}}}}}}}}}}}}}}}}}}}}}^}}}}....}}}-----.----- ..}}..........}}}}}}}}}}}}}} }}}}}}}}}}}}}}}}}}}}}}.}}....%}}---...0.@...- ..}}.}}}}}}}}}}} }}}}}}.}}}..}}}..}}}}}..(....}}--0..}}}}}}}...- }}}} }}.........<}}}...}}}}.......}}|@..}}.HHk.}}...| }}................}}}}......}}--@.}}..H.@..}}..- }.............%..}}}}}%.....}}|........HH.......| }................}}}}}......}}--..}}.......}}..-- }}}.}....}}.....%}}}}}.......}}|...}}.....}}...| }}}}}}...}}.......}}.}0}.....}}--...}}}}}}}...-- }}}}}}}.}}}}..........}}}.....}}---.........--- }}}}}}}..}}}.....}.}.}...}.....}}}-----.----- }}}}}}}...}.....}}}}}}.}}.......}}}}} # }}}}}}}}..............}}}.........}}}}}.} }}}}}}}}}}.}}..}}}}}}}}}}}}...!.............. }}}}}}}}}}}}}}}}}}}}}}}}}}}.....}}}}}}...}}}}}}}} }}}}}}}}}}}}}}}}}}}}}}}}}}}}}}.}}}}}}}}.}}}}}}}}}}}}}} }}}}}}}}}}}}}}}}}}}}}}}}}}}}}}}}}}}}}}}}}}}}}}}}}}}}}}}}}} Baba Jaga the Woman-at-arms Experience level: 13 Strength: 18/08 Dexterity: 17 Constitution: 20 Intelligence: 7 Wisdom: 11 Charisma: 8 Health: 132(143) Energy: 20(20) AC: -6 Gold: 2262 Moves: 22507 Your Inventory: Coins $ - 2262 gold pieces Weapons a - the blessed rustproof +4 Excalibur (weapon in hand) l - a blessed rustproof [+1] katana of fire (alternate weapon; not wielded) v - an uncursed [+0] silver saber S - 3 blessed [+0] daggers (in quiver) T - an uncursed [+0] orcish dagger [of frost] Armor p - an uncursed burnt +0 faded pall [elven cloak] (being worn) r - an uncursed +0 pair of speed boots w - an uncursed +1 orcish helm (being worn) C - a blessed +1 elven mithril-coat (being worn) H - an uncursed burnt +0 pair of leather gloves (being worn) P - an uncursed +0 pair of levitation boots (being worn) Q - a blessed +0 shield of reflection (being worn) Comestibles f - an [uncursed] clove of garlic g - an [uncursed] carrot E - an uncursed lizard corpse Rings e - a blessed [+2] jet ring [of increase accuracy] (on left hand) G - an uncursed ring of regeneration (on right hand) Wands d - an [uncursed] wand of lightning [0:5] i - a blessed wand of light [0:13] y - an uncursed wand of striking [0:7] F - an [uncursed] wand of make invisible [0:3] O - an [uncursed] wand of fire [0:1] Tools b - an uncursed looking glass [mirror] t - an uncursed towel u - an uncursed [+0] unicorn horn L - an uncursed key [skeleton key] R - an uncursed [oil] lamp X - an uncursed bag of holding Z - an uncursed bag of holding named holding Gems q - an uncursed agate stone B - an [uncursed] white gem [worthless glass] Contents of the bag of holding: 5758 gold pieces 2 [uncursed] C-rations an uncursed food ration an [uncursed] pancake an [uncursed] tripe ration a [cursed] scroll called Remove curse? [of remove curse] an [uncursed] scroll labeled ELAM EBOW [of scare monster] an [uncursed] scroll of destroy armor an uncursed scroll of earth a cursed scroll of food detection an [uncursed] golden potion [of gain energy] 2 potions of holy water an uncursed wand of enlightenment [0:14] an [uncursed oil] lamp an uncursed leash a blessed magic marker [0:39] an uncursed magic whistle an uncursed garnet stone an uncursed violet gem [worthless glass] Contents of the bag of holding named holding: 10769 gold pieces an uncursed amulet versus poison an uncursed [+1] mummy wrapping an [uncursed +0] pair of leather gloves 2 uncursed C-rations 3 uncursed K-rations an [uncursed] carrot an uncursed fortune cookie 3 [uncursed] lichen corpses an uncursed lizard corpse 7 [uncursed] lumps of royal jelly an [uncursed] melon 2 [uncursed] sprigs of wolfsbane an uncursed tin [of coyote meat] an uncursed tin [of kobold meat] an uncursed tripe ration an uncursed scroll called Remove curse? [of remove curse] an uncursed scroll of destroy armor an [uncursed] scroll of enchant weapon an [uncursed] scroll of food detection 2 uncursed scrolls of magic mapping 4 uncursed unlabeled scrolls [of blank paper] a potion of holy water an uncursed citrine ring [of see invisible] an uncursed coral ring [of teleport control] an uncursed ivory ring [of shock resistance] an uncursed platinum ring [of poison resistance] an uncursed ring of cold resistance an uncursed wand of create monster [0:8] an uncursed wand of speed monster [0:4] an uncursed wand of speed monster [0:3] an [uncursed] wand of striking [0:2] an uncursed lock pick an uncursed [+0] pick-axe an uncursed tin opener an uncursed black gem [worthless glass] 3 uncursed green gems [worthless glass] 2 [uncursed] green gems [emerald] an [uncursed] red gem [worthless glass] an [uncursed] violet gem [amethyst] an [uncursed] white gem [diamond] an uncursed yellowish brown gem [worthless glass] Spells known in the end: Name Level Category Fail Memory Your skills at the end: Fighting Skills two weapon combat [Basic / Skilled] body armor [Skilled / Skilled] shield [Expert / Expert] Weapon Skills dagger [Basic / Expert] long sword [Expert / Expert] Spellcasting Skills Final Attributes: You were piously aligned. Hunger level was 692. Your alignment was 122 / 122. Monster difficulty range was 3 - 15. Level difficulty was 18. You resisted fire. You were immune to cold. You resisted electricity. You resisted poison. You were immune to level-drain. You saw invisible. You were telepathic. You had automatic searching. You had infravision. You were stealthy. You were levitating. You had a +2 bonus to hit. You regenerated. You were fast. You had reflection. Your luck was zero. You are dead. Vanquished creatures: Medusa 4 stone golems a Nazgul 2 trappers a nurse a frost giant 7 black puddings a ghost a queen bee 5 locusts 20 fire giants an ogre king 10 ice trolls 2 umber hulks 2 doppelgangers 4 large mimics a wumpus a baby purple worm 2 air elementals an earth elemental a water elemental 4 hill giants a giant mummy a giant zombie an elf-lord a sergeant 3 wargs a winter wolf 8 small mimics a glass piercer a rodent of unusual size a xan 5 quantum mechanics 5 trolls a wood golem 4 electric eels 2 gelatinous cubes a large dog 2 freezing spheres 2 flaming spheres a shocking sphere 3 tigers a gargoyle 3 ochre jellies 2 leocrottas 2 energy vortices a stone giant an elf mummy 2 human mummies 2 red nagas 2 pit vipers 2 pythons 2 cobras 4 ettin zombies a Grey-elf 7 soldiers a watchman 2 chameleons a crocodile 3 giant beetles 2 quivering blobs 4 cockatrices 6 wolves 8 winter wolf cubs 2 lynxes 3 panthers 19 gremlins 26 leprechauns 3 orc-captains an iron piercer 8 giant spiders 3 scorpions 2 horses 4 ice vortices 3 black lights 4 vampire bats 2 forest centaurs a gnome king 3 orc mummies a dwarf mummy 2 brown puddings a rust monster 3 owlbears a yeti a gold golem a werewolf 3 Green-elves 5 lizards 7 chickatrices 3 dingos 2 housecats a black unicorn 5 dust vortices 2 ravens 2 plains centaurs a gnome mummy 2 snakes 9 apes 2 rope golems 7 Woodland-elves 11 soldier ants 61 fire ants 9 snow ants 6 bugbears an imp 3 quasits 3 wood nymphs 2 water nymphs 2 mountain nymphs 4 Uruk-hai 2 orc shamans 4 rock piercers 6 enormous rats 2 rock moles 6 ponies 6 fog clouds 4 yellow lights 2 shriekers 4 violet fungi 5 gnome lords a gnomish wizard 2 kobold mummies a red naga hatchling 3 barrow wights an elf zombie a ghoul a straw golem 4 paper golems 6 giant ants 3 little dogs 6 floating eyes 4 dwarves 7 kobold lords 2 kobold shamans 29 hill orcs 8 rothes 2 centipedes 5 giant bats a monkey 7 orc zombies 6 dwarf zombies 2 wererats 3 werejackals 5 iguanas 32 killer bees 4 acid blobs 3 coyotes a gas spore 7 hobbits 4 large kobolds 8 hobgoblins 3 giant rats 4 cave spiders 2 brown molds 3 yellow molds a green mold a red mold 32 gnomes 2 gnome zombies 7 geckos 8 jackals 2 foxes 2 kobolds a goblin 2 sewer rats 5 grid bugs a bat 7 lichens a kobold zombie 6 newts 724 creatures vanquished. Voluntary challenges: You used a wielded weapon 1093 times. You read items or engraved 39 times. You put on armor 81 times. You never genocided any monsters. You never polymorphed an object. You changed form 2 times. You used no wishes. You wrote Elbereth's name 4 times. You never encountered a bones level. You never used any Sokoban shortcuts. Dungeon overview: The Dungeons of Doom: levels 1 to 28 Level 1 a long staircase Level 2 a fountain stairs to The Gnomish Mines Level 5 a fountain Level 7 some fountains Level 8 an altar to Tyr, some fountains, a sink, many trees stairs to Sokoban Level 9 a fountain stairs to Town Level 10 a fountain Level 13 (Quest teleport) a weapon shop portal to The Quest Level 15 a general store Level 17 a fountain Level 18 (Swamp) Level 19 a fountain, a sink Level 20 (Mind Flayer) a fountain Level 21 (Armor reserve) an altar to Tyr, some fountains, a sink Level 22 some fountains Level 23 some fountains Level 24 (Solders armor) Level 25 a fountain, some trees The Gnomish Mines: levels 3 to 11 Level 3 stairs to The Dungeons of Doom Level 6 many shops, a temple, a magic chest, some fountains, many trees The Quest: levels 1 to 6 Level 1 a magic chest, a fountain portal to The Dungeons of Doom Level 6 <- You were here Sokoban: Level 7 stairs to The Dungeons of Doom Town: Level 8 stairs to The Dungeons of Doom History has recorded: On T:1 you entered the Dungeons of Doom to retrieve the Amulet of Yendor! On T:375 you reached level 2 of The Dungeons of Doom. On T:837 you reached level 3 of The Dungeons of Doom. On T:1076 you reached level 5 of The Dungeons of Doom. On T:1114 you advanced to experience level 2. On T:1162 you advanced to experience level 3. On T:1255 you advanced to experience level 4. On T:1399 you advanced to experience level 5. On T:1715 you reached level 6 of The Dungeons of Doom. On T:1838 you advanced to experience level 6. On T:2108 you reached level 7 of The Dungeons of Doom. On T:2283 you advanced to experience level 7. On T:2606 you reached level 8 of The Dungeons of Doom. On T:2834 you reached level 9 of The Dungeons of Doom. On T:3365 you advanced to experience level 8. On T:3391 you reached level 4 of The Dungeons of Doom. On T:4424 you reached level 1 of The Gnomish Mines. On T:4869 you reached level 2 of The Gnomish Mines. On T:5283 you reached level 3 of The Gnomish Mines. On T:5298 you reached level 4 of The Gnomish Mines. On T:6719 you advanced to experience level 9. On T:6808 you reached level 3 of Sokoban. On T:7402 you reached level 3 of Town. On T:7693 you reached level 10 of The Dungeons of Doom. On T:8177 you reached level 11 of The Dungeons of Doom. On T:8652 you reached level 12 of The Dungeons of Doom. On T:8702 you advanced to experience level 10. On T:8798 you advanced to experience level 11. On T:9585 you reached level 13 of The Dungeons of Doom. On T:10072 you reached level 14 of The Dungeons of Doom. On T:10356 you reached level 15 of The Dungeons of Doom. On T:11244 you reached level 16 of The Dungeons of Doom. On T:11618 you reached level 17 of The Dungeons of Doom. On T:11835 you reached level 18 of The Dungeons of Doom. On T:12099 you reached level 19 of The Dungeons of Doom. On T:12407 you reached level 20 of The Dungeons of Doom. On T:13457 you reached level 5 of The Gnomish Mines. On T:13624 you reached level 7 of The Gnomish Mines. On T:13690 you reached level 9 of The Gnomish Mines. On T:14064 you reached level 8 of The Gnomish Mines. On T:14638 you reached level 6 of The Gnomish Mines. On T:15547 you received a rustproof katana of fire from Tyr. On T:16088 you advanced to experience level 12. On T:16791 you reached level 21 of The Dungeons of Doom. On T:18334 you reached level 22 of The Dungeons of Doom. On T:18549 you reached level 23 of The Dungeons of Doom. On T:19941 you reached level 24 of The Dungeons of Doom. On T:20179 you reached level 27 of The Dungeons of Doom. On T:20280 you reached The Castle. On T:20426 you reached level 26 of The Dungeons of Doom. On T:20451 you killed Medusa on level 27 of The Dungeons of Doom. On T:20707 you advanced to experience level 13. On T:21031 you reached level 25 of The Dungeons of Doom. On T:21628 you reached level 1 of The Quest. On T:21734 you embarked upon an epic quest. On T:21806 you reached level 2 of The Quest. On T:21966 you reached level 3 of The Quest. On T:22196 you reached level 4 of The Quest. On T:22381 you reached level 5 of The Quest. On T:22416 you reached level 6 of The Quest. Latest messages: The locust bites! The locust stings! You feel much worse. [HP-2=139] You kill the locust! [HP+1=140] The fire giant throws a boulder! You are almost hit by a boulder. [HP+3=143] You cannot reach the floor. The fire giant zaps a wand of striking! The wand misses you. The fire giant zaps a wand of striking! The wand hits you! [HP-2=141] [HP+2=143] [2 turns] You don't have enough leverage to push the boulder. The fire giant zaps a wand of striking! The wand hits you! The fire giant throws a boulder! The boulder hits the fire giant. You die from your illness. Final status: Farvel Baba Jaga the Valkyrie... You were poisoned in The Quest on dungeon level 6 with 30481 points, and 18789 pieces of gold, after 22507 moves. You were level 13 with a maximum of 143 hit points when you were poisoned.